 Dungeon Crawl Stone Soup version 0.31.0-11-ge490571c62 (webtiles) character file.

Game seed: 3194587943330868051

51 JustSomeDude the Ducker (level 4, -3/31 HPs)
             Began as a Djinni Hedge Wizard on Feb 5, 2024.
             Slain by Crazy Yiuf
             ... wielding a +4 quarterstaff of chaos
              (13 damage)
             ... on level 2 of the Dungeon.
             The game lasted 00:04:56 (1164 turns).

JustSomeDude the Ducker (Djinni Hedge Wizard)       Turns: 1164, Time: 00:04:57

Health: -3/31      AC:  2    Str:  9    XL:     4   Next: 5%
Gold:   87         EV: 13    Int: 18    God:
                   SH:  0    Dex: 12

rFire   + + .        a - +0 dagger
rCold   x . .        (no shield)
rNeg    . . .        b - +0 robe
rPois   ∞            c - +0 hat
rElec   .            i - scarf {harm}
rCorr   .            (no gloves)
SInv    .            (boots unavailable)
Will    .....        (no amulet)
Stlth   ++           (no ring)
HPRegen 0.25/turn    (no ring)
MPRegen 0.00/turn

%: harm (+30% outgoing, +20% incoming), infuse magic (-4 HP)
@: flying
A: sickness immunity, fire resistance 2, cold vulnerability 1, float, innate
caster, HP casting, extra vitality 1
a: no special abilities


You were on level 2 of the Dungeon.
You visited 1 branch of the dungeon, and saw 2 of its levels.

You collected 87 gold pieces.

Inventory:

Hand Weapons
 a - a +0 dagger (weapon)
Armour
 b - a +0 robe (worn)
 c - a +0 hat (worn)
 e - a +0 leather armour of cold resistance
 i - a scarf of harm (worn)
Scrolls
 d - a scroll of noise {unknown}
 f - 2 scrolls of enchant armour {unknown}
 k - a scroll of teleportation {unknown}
 m - a scroll of identify {unknown}
Potions
 g - 2 potions of ambrosia {unknown}
 h - a potion of invisibility {unknown}
 j - 2 potions of brilliance {unknown}
 l - 2 potions of degeneration {unknown}
 n - a potion of resistance {unknown}
 o - a potion of lignification {unknown}


   Skills:
 + Level 3.4 Dodging
 + Level 2.5 Stealth
 + Level 3.1 Spellcasting
 + Level 3.1 Conjurations
 + Level 3.1 Hexes
 + Level 3.1 Summonings
 + Level 3.1 Necromancy
 + Level 3.1 Translocations
 + Level 3.1 Fire Magic
 + Level 3.1 Ice Magic
 + Level 3.1 Air Magic
 + Level 3.1 Earth Magic
 + Level 3.1 Alchemy


You knew the following spells:

 Your Spells              Type           Power      Damage    Failure   Level
a - Magic Dart            Conj           56%        1d5       4%          1
b - Slow                  Hex            56%        N/A       4%          1
c - Blink                 Tloc           28%        N/A       7%          2
d - Call Imp              Summ           28%        N/A       7%          2
e - Mephitic Cloud        Conj/Alch/Air  14%        N/A       14%         3
f - Sting                 Conj/Alch      56%        1d6       4%          1
Your spell library was empty.

Dungeon Overview and Level Annotations

Branches:
Dungeon (2/15)

Altars:

Annotations:
D:2 Crazy Yiuf


Innate Abilities, Weirdness & Mutations

You are immune to sickness and miasma.
You are immune to poison.
Your flesh is very heat resistant. (rF++)
You are vulnerable to cold. (rC-)
You float through the air rather than walking.
You learn spells naturally, not from books.
Your magical power is your life essence.
You have superior vitality. (+4 MHP)


Message History

Okay, then.
You reach down and open the door.
Crazy Yiuf shouts!
Casting: Magic Dart (safe; 4% risk of failure)
Confirm with . or Enter, or press ? or * to list all spells.
A tiny devil pulls itself out of the air.
Casting: Call Imp (safe; 7% risk of failure)
Confirm with . or Enter, or press ? or * to list all spells.
A tiny devil pulls itself out of the air.
Your cerulean imp disappears in a puff of smoke!
You swap places.
Crazy Yiuf hits your cerulean imp with a +4 quarterstaff of chaos!
Your cerulean imp hits Crazy Yiuf with a -3 spear.
Casting: Call Imp (safe; 7% risk of failure)
Confirm with . or Enter, or press ? or * to list all spells.
Aiming: Sting (safe; 4% risk of failure)
Press: ? - help, Shift-Dir - straight line, f - Crazy Yiuf
Aim: Crazy Yiuf, wielding a +4 quarterstaff of chaos and wearing a +2 cloak (lightly wounded, ally target, 75% to hit)
The sting hits your cerulean imp.
Your cerulean imp partially resists.
Your cerulean imp is almost dead.
Your cerulean imp disappears in a puff of smoke!
Crazy Yiuf screams, "Mountain chair arm!"
Casting: Sting (safe; 4% risk of failure)
Confirm with . or Enter, or press ? or * to list all spells.
Aiming: Sting (safe; 4% risk of failure)
Press: ? - help, Shift-Dir - straight line, f/p - Crazy Yiuf
Aim: Crazy Yiuf, wielding a +4 quarterstaff of chaos and wearing a +2 cloak (purple smoke, lightly wounded, 75% to hit)
The sting hits Crazy Yiuf but does no damage.
Crazy Yiuf is poisoned.
Crazy Yiuf is lightly wounded.
Crazy Yiuf hits you with a +4 quarterstaff of chaos!
Crazy Yiuf attacks as he pursues you! Crazy Yiuf closely misses you.
Casting: Sting (safe; 4% risk of failure)
Confirm with . or Enter, or press ? or * to list all spells.
A tiny devil pulls itself out of the air.
* * * LOW HITPOINT WARNING * * *
Crazy Yiuf attacks as he pursues you!
Crazy Yiuf hits you with a +4 quarterstaff of chaos!
You die...

#.####..##.#......#
#
#.......###########
# #######.# ## ##.#
#.#. #..#### ###
#.. #...#.##
###..)# ###
#......####5'...#
##......#g.##§..# #
##.#..#@### ### #
######## # # # # #
# #


You could see Crazy Yiuf (poisoned, ally target) and a friendly cerulean imp
(summoned).

Vanquished Creatures
  3 adders (D:2)
  A ribbon worm (D:2)
  2 bats
  2 endoplasms (D:1)
  4 giant cockroaches
  2 goblins (D:1)
  A hobgoblin (D:2)
  A kobold (D:1)
  2 ball pythons (D:2)
  A frilled lizard (D:2)
  2 rats (D:1)
21 creatures vanquished.

Notes
Turn   | Place    | Note
-------+----------+-------------------------------------------
     0 | D:1      | JustSomeDude the Djinni Hedge Wizard began the quest for
                  | the Orb.
     0 | D:1      | JustSomeDude set off with the following spells memorised:
                  | Magic Dart, Slow, Blink, Call Imp, Mephitic Cloud.
     0 | D:1      | Reached XP level 1. HP: 15/15 MP: 0/0
   169 | D:1      | Reached XP level 2. HP: 19/21 MP: 0/0
   695 | D:2      | Found a runed translucent door.
   696 | D:2      | Noticed Crazy Yiuf
   985 | D:2      | Reached XP level 3. HP: 21/25 MP: 0/0
   985 | D:2      | Learned a level 1 spell: Sting
  1053 | D:2      | Reached XP level 4. HP: 30/31 MP: 0/0
  1164 | D:2      | Slain by Crazy Yiuf

Illustrated notes

Levels and vault maps discovered:
D:1:      wander_arrival_desolate, layout_basic
D:2:      layout_loops_cross, uniq_crazy_yiuf_cottage

Skill      XL: |  1  2  3 |
---------------+----------+-----
Stealth        | 2 |  2.5
Dodging        | 3 |  3.4
Spellcasting   | |  3.1
Conjurations   | |  3.1
Hexes          | |  3.1
Summonings     | |  3.1
Necromancy     | |  3.1
Translocations | |  3.1
Fire Magic     | |  3.1
Ice Magic      | |  3.1
Air Magic      | |  3.1
Earth Magic    | |  3.1
Alchemy        | |  3.1

Action                     |  1- 3 |  4- 6 || total
---------------------------+-------+-------++-------
   Cast: Magic Dart        |    53 |     8 ||    61
         Sting             |     2 |     3 ||     5
         Call Imp          |       |     3 ||     3
 Armour: Robe              |     3 |     2 ||     5
  Dodge: Dodged            |     6 |     2 ||     8
